 Dungeon Crawl Stone Soup version 0.28-a0-895-g6e5f11bd55 (webtiles) character file.

Game seed: 11615002528318874194

4 Anon1729 the Chiller (level 1, 0/13 HPs)
             Began as a Demonspawn Ice Elementalist on Nov 22, 2021.
             Slain by a kobold (2 damage)
             ... on level 1 of the Dungeon.
             The game lasted 00:00:33 (100 turns).

Anon1729 the Chiller (Demonspawn Ice Elementalist)   Turns: 100, Time: 00:00:34

Health: 0/13       AC:  2    Str:  8    XL:     1   Next: 50%
Magic:  0/3        EV: 12    Int: 16    God:
Gold:   0          SH:  0    Dex: 13    Spells: 3/4 levels left

rFire   . . .      SeeInvis .   b - +0 dagger
rCold   . . .      Faith    .   (no shield)
rNeg    . . .      Spirit   .   a - +0 robe
rPois   .          Reflect  .   (no helmet)
rElec   .          Harm     .   (no cloak)
rCorr   .          Rampage  .   (no gloves)
Will    .....                   (no boots)
Stlth   ++........              (no amulet)
HPRegen 0.04/turn               (no ring)
MPRegen 0.08/turn               (no ring)

@: no status effects
A: no striking features
a: no special abilities


You were on level 1 of the Dungeon.
You visited 1 branch of the dungeon, and saw 1 of its levels.

Inventory:

Hand Weapons
 b - a +0 dagger (weapon)
Armour
 a - a +0 robe (worn)


   Skills:
 + Level 1.8 Dodging
 + Level 1.9 Stealth
 + Level 2.0 Spellcasting
 + Level 3.6 Ice Magic


You had 3 spell levels left.
You knew the following spells:

 Your Spells              Type           Power      Damage    Failure   Level
a - Freeze                Ice            52%        1d7       4%          1

Your spell library contained the following spells:

 Spells                   Type           Power      Damage    Failure   Level
 Frozen Ramparts          Ice            26%        1d4       14%         3
 Ozocubu's Armour         Ice            13%        N/A       14%         3
 Hailstorm                Conj/Ice       7%         3d4       67%         4


Dungeon Overview and Level Annotations

Branches:
Dungeon (1/15)

Altars:


Message History

A kobold is nearby!
A goblin comes into view. It is wielding a +0 dagger.
You miscast Freeze.
You are very lightly contaminated with residual magic.
Nothing appears to happen.
You freeze the goblin.
The goblin shouts!
The goblin is moderately wounded.
You hear a shout!
The goblin hits you with a +0 dagger.
You freeze the goblin!
You kill the goblin!
You see here a +0 dagger.
b - a +0 dagger (weapon)
A kobold is nearby!
The kobold throws a stone.
The stone hits you.
The kobold throws a stone.
The stone hits you but does no damage.
Your magical contamination has completely faded away.
You barely miss the kobold.
The kobold hits you with a +0 short sword.
You hit the kobold.
The kobold is moderately wounded.
The kobold hits you with a +0 short sword.
* * * LOW HITPOINT WARNING * * *
Casting: Freeze (safe; 4% risk of failure)
Confirm with . or Enter, or press ? or * to list all spells.
Aiming: Freeze (safe; 4% risk of failure)
Press: ? - help, Shift-Dir - straight line, f - kobold
Aim: a kobold, wielding a +0 short sword and quivering stones You freeze the kobold.
The kobold is severely wounded.
The kobold misses you.
The kobold throws a stone.
The stone barely misses you.
You barely miss the kobold.
The kobold is heavily wounded.
The kobold closely misses you.
You barely miss the kobold.
The kobold is heavily wounded.
The kobold hits you with a +0 short sword.
You die...

#........ #.###..#####
######..........#####
..K.........#...##...
##......#.≈.##...
#......#.≈.##...
#.##...#.≈..'...
#########K####.#.≈.##...
#......@#.# #.#...##...
........K.# #.#...##..<
###.....### #.#.8.##...
#.....# #.#...#####
#.....# #.##### .......#
#.. ####....# .....#
..#+##


You could see a kobold.

Vanquished Creatures
  2 endoplasms (D:1)
  A goblin (D:1)
3 creatures vanquished.

Notes
Turn   | Place    | Note
-------+----------+-------------------------------------------
     0 | D:1      | Anon1729 the Demonspawn Ice Elementalist began the quest
                  | for the Orb.
     0 | D:1      | Reached XP level 1. HP: 13/13 MP: 3/3
   100 | D:1      | Slain by a kobold

Illustrated notes

Levels and vault maps discovered:
D:1:      dpeg_arrival_rooms_c, layout_basic,
          shapermc_ecumenical_altar_mp_highgroup

Action                   || total
-------------------------++-------
Melee: Dagger            ||     4
 Cast: Freeze            ||     7
Armor: Robe              ||     1
Dodge: Dodged            ||     4

Table legend: (Time is in decaauts)
 A = Elapsed time spent in this place.
 B = Non-inter-level travel time spent in this place.
 C = Inter-level travel time spent in this place.
 D = Time resting spent in this place.
 E = Time spent auto-exploring this place.
 F = Levels seen in this place.
 G = Mean time per level.
                   A        B        C        D        E       F      G
               +--------+--------+--------+--------+--------+-----+--------+
         Total |     99 |     99 |      0 |     12 |     49 |   1 |   99.0 |
       Dungeon |     99 |     99 |      0 |     12 |     49 |   1 |   99.0 |
               +--------+--------+--------+--------+--------+-----+--------+

Top non-repeatable levels by time:
     D:1: 99 daAuts
